 Dungeon Crawl Stone Soup version 0.25-a0-578-gc91f01c (webtiles) character file.

Game seed: 4971048102578625607, levelgen mode: deterministic

19867 15 the Cudgeler (level 12, -2/91 HPs)
             Began as a Demonspawn Gladiator on Mar 3, 2020.
             Was a High Priest of Okawaru.
             Slain by a death knight
             ... wielding a +0 battleaxe
              (21 damage)
             ... on level 11 of the Dungeon.
             The game lasted 00:44:32 (10574 turns).

15 the Cudgeler (Demonspawn Gladiator)             Turns: 10574, Time: 00:44:33

Health: -2/91      AC: 18    Str: 15    XL:     12   Next: 40%
Magic:  20/20      EV:  7    Int: 13    God:    Okawaru [*****.]
Gold:   699        SH:  0    Dex: 18    Spells: 22/22 levels left

rFire    + . .     SeeInvis +   z - +6 war axe of Bloodstone {vorpal, *Corrode +Rage rElec SInv}
rCold    . . .     Gourm    .   (no shield)
rNeg     . . .     Faith    .   J - +0 plate armour
rPois    .         Spirit   .   W - +1 hat {MR+}
rElec    +         Reflect  .   K - scarf {repulsion}
rCorr    .         Harm     .   k - +0 pair of gloves
MR       +....                  (no boots)
Stlth    ..........             (no amulet)
HPRegen  0.25/turn              l - ring of see invisible
MPRegen  0.17/turn              i - +2 ring of dexterity

@: about to teleport, repel missiles
A: horns 2, thin metallic scales 2, fire resistance 1, spiny 2, flame cloud
immunity
a: Heroism, Finesse, Renounce Religion, Evoke Berserk Rage


You were on level 11 of the Dungeon.
You worshipped Okawaru.
Okawaru was extremely pleased with you.
You were hungry.

You visited 2 branches of the dungeon, and saw 12 of its levels.
You also visited: Ossuary and Bailey.

You collected 699 gold pieces.

Inventory:

Hand Weapons
 e - a +6 mace of venom
 o - a +2 short sword of electrocution
 z - the +6 war axe of Bloodstone (weapon) {vorpal, *Corrode +Rage rElec SInv}
   (You found it on level 6 of the Dungeon)

   It inflicts extra damage upon your enemies.
   It insulates you from electricity.
   It lets you see invisible.
   It lets you go berserk.
   It may corrode you when you take damage.
 C - a +3 whip of flaming
 I - a +0 dire flail
Missiles
 G - 5 silver javelins
 H - a silver boomerang (quivered)
 P - 2 throwing nets
 Q - 2 javelins
Armour
 k - a +0 pair of gloves (worn)
 m - the +2 robe "Zymmutecs" {rPois rCorr Int+6}
   (You found it on level 5 of the Dungeon)

   It affects your intelligence (+6).
   It protects you from poison.
   It provides partial protection from all sources of acid and corrosion.
   If you switch to wearing this armour, your AC will decrease by 9 (18 -> 9).
 r - a +0 chain mail
 s - a +1 cloak
 D - +0 acid dragon scales
 J - a +0 plate armour (worn)
 K - a scarf of repulsion (worn)
 W - a +1 hat of magic resistance (worn)
Magical Staves
 O - an uncursed staff of fire
Jewellery
 i - a +2 ring of dexterity (right hand)
 l - a ring of see invisible (left hand)
 q - an uncursed ring of ice
 M - an uncursed ring of wizardry
 T - the cursed ring "Ymuyrch" {rElec rN++ MR+ Str-5}
   (You took it off an orc on level 10 of the Dungeon)

   [ring of strength]

   It affects your strength (-5).
   It insulates you from electricity.
   It greatly protects you from negative energy.
   It affects your resistance to hostile enchantments.
   It has a curse placed upon it.
Wands
 d - a wand of polymorph (20)
 x - a wand of iceblast (5)
 y - a wand of enslavement (10)
 B - a wand of flame (52)
Scrolls
 a - 4 scrolls of fog
 c - 4 scrolls of amnesia
 g - 3 scrolls of teleportation
 j - 2 scrolls of enchant armour
 p - a scroll of random uselessness {unknown}
 u - a scroll of acquirement {unknown}
 v - 3 scrolls of remove curse
 A - 4 scrolls of torment
 S - a scroll of blinking {unknown}
 U - a scroll of magic mapping
 V - a scroll of holy word {unknown}
Potions
 b - 2 potions of haste
 h - a potion of lignification
 n - a potion of magic
 t - a potion of ambrosia
 w - 7 potions of curing
 E - 2 potions of stabbing
 F - a potion of mutation
Miscellaneous
 L - a tin of tremorstones
 N - a sack of spiders
Comestibles
 f - 16 rations
 X - 8 chunks of flesh


   Skills:
 * Level 7.4 Fighting
 + Level 1.4 Short Blades
 * Level 5.2(7.2) Axes
 * Level 7.7(8.4) Maces & Flails
 * Level 7.0 Throwing
 * Level 6.5 Armour
 * Level 6.2 Dodging
 + Level 2.1 Stealth
 * Level 5.5 Spellcasting
 * Level 7.7 Invocations
 * Level 5.8 Evocations


You had 22 spell levels left.
You didn't know any spells.
Your spell library was empty.

Dungeon Overview and Level Annotations

Branches:
Dungeon (11/15)            Temple (1/1) D:4            Lair (0/6) D:8
    Orc (0/2) D:9         Ossuary (visited)          Bailey (visited)

Altars:
Ashenzari
Cheibriados
Dithmenos
Elyvilon
Fedhas
Gozag
Hepliaklqana
Kikubaaqudgha
Makhleb
Nemelex Xobeh
Okawaru
Qazlal
Ru
Sif Muna
Trog
Uskayaw
Vehumet
Wu Jian
Xom
Yredelemnul
Zin
The Shining One

Annotations:
D:8 2 transporters, derpindaisy's ghost, novice TrMo


Innate Abilities, Weirdness & Mutations

You have a pair of horns on your head.
You are mostly covered in thin metallic scales. (AC +3)
Your flesh is heat resistant. (rF+)
You are mostly covered in sharp spines.
You are immune to clouds of flame.


Message History

The death knight is almost dead.
The death knight completely misses you.
Unknown command.
You hit the death knight but do no damage.
Your headbutt misses the death knight.
The death knight is almost dead.
The death knight invokes the aid of Yredelemnul against you.
Your body is wracked with pain!
* * * LOW HITPOINT WARNING * * *
The skeletal warrior closely misses you.
As you read the scroll of teleportation, it crumbles to dust.
You feel strangely unstable.
The death knight offers itself to Yredelemnul, and fills with unholy energy.
Unknown command.
You hit the skeletal warrior.
The skeletal warrior is lightly damaged.
You closely miss the death knight.
The skeletal warrior hits you but does no damage.
The death knight hits you with a +0 battleaxe!!
You die...

######################
#....@pWW.............
#...z###'##...........
#.... .#...........
....... #...........
....... #pW.........
....... #...........
....... #z.%..#+#+#.
....... ........### +.
...z....# #.


You could see a death knight, a skeletal warrior, a freezing wraith and a
wraith.

Vanquished Creatures
  An orc warlord (Bailey)
  Fannar (D:10)
  Harold (D:10)
  A two-headed ogre (D:9)
  Pikel (D:7)
  2 orc knights (Bailey)
  Maggie (D:7)
  4 yaks
  A spriggan (D:7)
  3 hungry ghosts
  Menkaure (Ossuary)
  A warg (D:9)
  A water moccasin (D:9)
  A porcupine (D:8)
  2 sky beasts (D:7)
  14 orc warriors
  2 black bears (D:10)
  6 ogres
  3 centaurs
  A crocodile (D:8)
  2 big kobolds
  4 bullfrogs
  A wyvern skeleton (D:10)
  A water moccasin zombie (D:8)
  2 scorpions
  3 killer bees (D:9)
  6 howler monkeys
  2 crimson imps
  2 quasits
  2 centaur skeletons
  4 hounds
  4 jellies
  11 orc priests
  5 worker ants
  An iguana (D:8)
  5 orc wizards
  A killer bee zombie (D:7)
  A hound zombie (D:6)
  3 mummies (Ossuary)
  A howler monkey zombie (D:5)
  13 gnolls (Bailey)
  A worker ant zombie (D:10)
  8 adders
  A howler monkey skeleton (D:7)
  2 shadow imps
  2 oozes
  2 worms
  4 dart slugs
  2 leopard geckos (D:4)
  52 orcs
  2 ball pythons
  5 bats
  4 giant cockroaches
  6 gnoll zombies (Ossuary)
  26 goblins
  18 hobgoblins
  4 jackals
  18 kobolds
  4 quokkas
  2 frilled lizards
  A gnoll skeleton (Ossuary)
  6 goblin skeletons (Ossuary)
  7 goblin zombies
  4 hobgoblin skeletons (Ossuary)
  4 hobgoblin zombies (Ossuary)
  A jackal zombie (D:6)
  7 kobold skeletons (Ossuary)
  2 kobold zombies (Ossuary)
  2 leopard gecko skeletons (D:5)
  3 orc skeletons (Ossuary)
  3 orc zombies (Ossuary)
  7 rats
  4 rat skeletons (Ossuary)
  5 rat zombies (Ossuary)
  A fungus (D:8)
342 creatures vanquished.

Vanquished Creatures (others)
  A bullfrog (D:7)
  A shadow imp (D:7)
2 creatures vanquished.

Grand Total: 344 creatures vanquished

Notes
Turn   | Place    | Note
-------+----------+-------------------------------------------
     0 | D:1      | 15 the Demonspawn Gladiator began the quest for the Orb.
     0 | D:1      | Reached XP level 1. HP: 16/16 MP: 1/1
   246 | D:1      | Gained mutation: You are partially covered in thin metallic
                  | scales. (AC +2) [demonic ancestry]
   246 | D:1      | Reached XP level 2. HP: 15/22 MP: 2/2
  1008 | D:2      | Reached skill level 1 in Armour
  1008 | D:2      | Gained mutation: You have a pair of small horns on your
                  | head. [demonic ancestry]
  1008 | D:2      | Reached XP level 3. HP: 15/27 MP: 4/4
  1274 | D:2      | Reached skill level 1 in Spellcasting
  2145 | D:3      | Gained mutation: You have a pair of horns on your head.
                  | [demonic ancestry]
  2145 | D:3      | Reached XP level 4. HP: 31/34 MP: 5/5
  3165 | D:4      | Gained mutation: You are partially covered in sharp spines.
                  | [demonic ancestry]
  3165 | D:4      | Reached XP level 5. HP: 34/39 MP: 6/6
  3483 | D:4      | Gained mutation: You are mostly covered in thin metallic
                  | scales. (AC +3) [demonic ancestry]
  3483 | D:4      | Reached XP level 6. HP: 45/47 MP: 8/8
  3970 | D:4      | Found a staircase to the Ecumenical Temple.
  3976 | Temple   | Entered the Ecumenical Temple
  4286 | Temple   | Became a worshipper of Warmaster Okawaru
  4357 | D:5      | Entered Level 5 of the Dungeon
  4461 | D:5      | Got a fine robe
  4551 | D:5      | Reached skill level 1 in Invocations
  4551 | D:5      | Reached skill level 1 in Evocations
  4551 | D:5      | Gained mutation: Your flesh is heat resistant. (rF+)
                  | [demonic ancestry]
  4551 | D:5      | Reached XP level 7. HP: 50/52 MP: 10/10
  4979 | D:6      | Found Zopifuala's Jewellery Boutique.
  5040 | D:6      | Reached * piety under Okawaru
  5103 | D:6      | Identified the +2 robe "Zymmutecs" {rPois rCorr Int+6} (You
                  | found it on level 5 of the Dungeon)
  5249 | D:6      | Got a bone war axe
  5508 | D:7      | Noticed a spriggan baker
  5516 | D:7      | Killed a spriggan baker
  5516 | D:7      | Reached XP level 8. HP: 43/60 MP: 11/11
  5555 | D:7      | Identified the +6 war axe of Bloodstone {vorpal, *Corrode
                  | +Rage rElec SInv} (You found it on level 6 of the Dungeon)
  5607 | D:7      | Noticed Maggie
  5610 | D:7      | Noticed Pikel
  5628 | D:7      | Killed Maggie
  5628 | D:7      | Reached ** piety under Okawaru
  5640 | D:7      | Killed Pikel
  5640 | D:7      | Reached *** piety under Okawaru
  5640 | D:7      | Reached skill level 1 in Axes
  5640 | D:7      | Reached skill level 5 in Maces & Flails
  5658 | D:7      | Reached XP level 9. HP: 37/66 MP: 14/14
  6198 | D:8      | Received a gift from Okawaru
  6282 | D:8      | Found a hazy altar of Hepliaklqana.
  6319 | D:8      | Found a shimmering blue altar of Sif Muna.
  6389 | D:8      | Found a bloodstained altar of Trog.
  6444 | D:8      | Found a sand-covered staircase.
  6462 | Ossuary  | Entered an ossuary
  6819 | Ossuary  | Noticed Menkaure
  6836 | Ossuary  | Killed Menkaure
  6842 | Ossuary  | Reached skill level 1 in Stealth
  7097 | D:8      | Found a transporter.
  7101 | D:8      | Noticed derpindaisy's ghost (novice TrMo)
  7129 | D:8      | Noticed a queen bee
  7147 | D:8      | Found a transporter.
  7283 | D:8      | Reached skill level 5 in Fighting
  7329 | D:8      | Reached **** piety under Okawaru
  7343 | D:8      | Received a gift from Okawaru
  7538 | D:8      | Found a staircase to the Lair.
  7550 | D:8      | Reached skill level 5 in Invocations
  7752 | D:9      | Reached XP level 10. HP: 65/74 MP: 13/16
  7760 | D:9      | Reached skill level 5 in Throwing
  7760 | D:9      | Reached skill level 5 in Dodging
  7790 | D:9      | Found a staircase to the Orcish Mines.
  7850 | D:9      | Noticed a two-headed ogre
  7855 | D:9      | Killed a two-headed ogre
  7855 | D:9      | Reached skill level 5 in Armour
  8108 | D:10     | Entered Level 10 of the Dungeon
  8108 | D:10     | Noticed Fannar
  8108 | D:10     | Noticed Harold
  8172 | D:10     | Found a flagged portal.
  8214 | Bailey   | Entered a bailey
  8356 | Bailey   | Noticed an orc knight
  8358 | Bailey   | Killed an orc knight
  8358 | Bailey   | Received a gift from Okawaru
  8358 | Bailey   | Reached ***** piety under Okawaru
  8410 | Bailey   | Noticed an orc knight
  8423 | Bailey   | Noticed an orc warlord
  8733 | Bailey   | Killed an orc knight
  9129 | Bailey   | Killed an orc warlord
  9129 | Bailey   | Reached skill level 5 in Evocations
  9129 | Bailey   | Gained mutation: You are mostly covered in sharp spines.
                  | [demonic ancestry]
  9129 | Bailey   | Reached XP level 11. HP: 30/83 MP: 13/18
  9603 | D:10     | Reached skill level 1 in Short Blades
  9603 | D:10     | Reached skill level 5 in Axes
  9603 | D:10     | Reached skill level 5 in Spellcasting
  9603 | D:10     | Gained mutation: You are immune to clouds of flame.
                  | [demonic ancestry]
  9603 | D:10     | Reached XP level 12. HP: 89/91 MP: 18/20
  9604 | D:10     | Identified the cursed ring "Ymuyrch" {rElec rN++ MR+ Str-5}
  9690 | D:10     | Killed Fannar
  9696 | D:10     | Killed Harold
 10015 | D:10     | Received a gift from Okawaru
 10539 | D:11     | Noticed a death knight
 10574 | D:11     | Slain by a death knight

Levels and vault maps discovered:
D:1:      matt_arrival_spirals, layout_basic, minmay_misc_feat_x, st_stairs_5,
          dk_noncrumbling_3
D:2:      layout_loops_corners, first_ration, minmay_misc_feat_rugged
D:3:      layout_basic, minmay_cupped
D:4:      layout_loops_ring, minmay_temple_entry_enclosed_plants
D:5:      layout_rooms
D:6:      layout_cave_pools, serial_shops, nicolae_shop_waterfront
D:7:      layout_basic, the_bakery, uniq_pikel, uniq_maggie
D:8:      layout_basic, kennysheep_mini_moat, grunt_lair_entry_orc_guard_hut,
          gammafunk_ghost_hive, enter_ossuary_4, serial_curves, eino_curves_03,
          eino_curves_03, basic_altar, minmay_misc_feat_diagonals, led_sif_pool
D:9:      layout_big_octagon, erik_orc_4
D:10:     layout_loops_corners, enter_bailey_3, uniq_fannar, uniq_harold
D:11:     layout_irregular_city
Temple:   nicolae_temple_the_god_donut

Skill      XL: |  1  2  3  4  5  6  7  8  9 10 11 12 |
---------------+-------------------------------------+-----
Maces & Flails | 3 4 5 6 7 |  7.7
Armour         | 1 2 3 4 5 6 |  6.5
Spellcasting   | 1 2 3 4 5 |  5.5
Dodging        | 3 4 5 6 |  6.2
Throwing       | 2 3 4 6 7 |  7.0
Fighting       | 3 4 5 6 7 |  7.4
Invocations    | 1 2 3 5 6 7 |  7.7
Evocations     | 1 2 3 5 |  5.8
Axes           | 1 2 4 5 |  5.2
Stealth        | 1 2 |  2.1
Short Blades   | 1 |  1.4

Action                   |  1- 3 |  4- 6 |  7- 9 | 10-12 || total
-------------------------+-------+-------+-------+-------++-------
Melee: Flail             |   134 |   118 |       |       ||   252
       Headbutt          |    11 |    13 |    36 |    60 ||   120
       Morningstar       |       |    14 |    65 |       ||    79
       War axe           |       |       |    71 |    78 ||   149
       Whip              |       |       |    71 |    18 ||    89
       Punch             |       |       |     1 |     1 ||     2
       Dire flail        |       |       |       |   190 ||   190
       Mace              |       |       |       |    13 ||    13
Throw: Throwing net      |       |     5 |     2 |       ||     7
       Javelin           |       |    32 |    67 |    45 ||   144
       Boomerang         |       |       |    17 |    75 ||    92
Invok: Heroism           |       |       |     4 |     9 ||    13
       Finesse           |       |       |       |     3 ||     3
 Abil: Evoke Berserk Rag |       |       |     1 |     1 ||     2
Evoke: Wand              |       |       |       |     5 ||     5
  Use: Scroll            |     4 |     5 |     7 |     9 ||    25
       Potion            |       |     2 |     4 |     4 ||    10
 Stab: Sleeping          |     2 |       |       |       ||     2
  Eat: Chunk             |     4 |     6 |    10 |    10 ||    30
       Ration            |       |       |     1 |     1 ||     2
Armor: Leather armour    |    60 |       |       |       ||    60
       Chain mail        |       |    79 |    69 |    52 ||   200
       Skin              |       |     2 |    44 |       ||    46
       Plate armour      |       |       |       |    73 ||    73
Dodge: Dodged            |    90 |    56 |    55 |   100 ||   301
       Deflected         |       |       |       |     8 ||     8

Table legend:
 A = Non-vault XP
 B = Vault XP
 C = Vault XP percentage of total XP
 D = Non-vault monster count
 E = Vault monster count
 F = Vault count percentage of total count
                 A         B        C        D         E       F
            +---------+---------+-------+---------+---------+-------
      Total |    7558 |    9112 |  54.7 |     182 |     158 |  46.5
            +---------+---------+-------+---------+---------+-------
        D:1 |      25 |       3 |  10.7 |      16 |       2 |  11.1
        D:2 |      52 |       0 |   0.0 |      16 |       0 |   0.0
        D:3 |      41 |       8 |  16.3 |      14 |       3 |  17.6
        D:4 |     402 |       0 |   0.0 |      22 |       0 |   0.0
        D:5 |     438 |       0 |   0.0 |      12 |       0 |   0.0
        D:6 |     312 |       0 |   0.0 |       8 |       0 |   0.0
        D:7 |     637 |    1273 |  66.6 |      11 |       3 |  21.4
        D:8 |    1150 |     678 |  37.1 |      20 |       7 |  25.9
        D:9 |    1976 |     482 |  19.6 |      24 |      15 |  38.5
       D:10 |    1476 |    1989 |  57.4 |      26 |       6 |  18.8
       D:11 |    1049 |       0 |   0.0 |      13 |       0 |   0.0
    Ossuary |       0 |     280 | 100.0 |       0 |      53 | 100.0
     Bailey |       0 |    4399 | 100.0 |       0 |      69 | 100.0
            +---------+---------+-------+---------+---------+-------
